 Dungeon Crawl Stone Soup version 0.30.0-19-g36f170ea60 (webtiles) character file.

Game seed: 7050197203558336207

51 monsoonserge the Insei (level 3, -3/23 HPs)
             Began as an Octopode Transmuter on May 29, 2023.
             Slain by an orc
             ... wielding a +0 vampiric war axe
              (7 damage)
             ... on level 2 of the Dungeon.
             The game lasted 00:05:10 (1065 turns).

monsoonserge the Insei (Octopode Transmuter)        Turns: 1065, Time: 00:05:11

Health: -3/23      AC:  1    Str:  9    XL:     3   Next: 81%
Magic:  5/6        EV: 13    Int: 17    God:
Gold:   79         SH:  0    Dex: 18    Spells: 2/6 levels left

rFire   . .          .
                       - Unarmed
rCold   . . .        (no shield)
rNeg    . . .        (helmet currently unavailable)
rPois   .            (no amulet)
rElec   .            d - ring of see invisible
rCorr   .            j - +6 ring of dexterity
SInv    +            (no ring)
Will    .....        (no ring)
Stlth   +++          (no ring)
HPRegen 0.23/turn    (no ring)
MPRegen 0.10/turn    (no ring)
                     (no ring)

%: no passive effects
@: appendages (expiring)
A: tentacle spike 3, almost no armour, amphibious, 8 rings, camouflage 1,
gelatinous body 1, (nimble swimmer 1), tentacles
a: End Transformation


You were on level 2 of the Dungeon.
One of your tentacles had grown a beastly spike.
You visited 1 branch of the dungeon, and saw 2 of its levels.

You collected 79 gold pieces.

Inventory:

Hand Weapons
 g - a +0 arbalest
Magical Staves
 h - a staff of conjuration
Jewellery
 d - a ring of see invisible (left tentacle)
 j - a +6 ring of dexterity (right tentacle)
Scrolls
 c - a scroll of fear {unknown}
 e - a scroll of identify {unknown}
Potions
 a - a potion of lignification
 b - a potion of invisibility {unknown}
 f - a potion of curing {unknown}
 i - 2 potions of might {unknown}


   Skills:
 + Level 1.1 Fighting
 + Level 2.2 Dodging
 - Level 1.0 Stealth
 + Level 3.9 Unarmed Combat
 - Level 2.0 Spellcasting
 + Level 2.5 Transmutations
 * Level 0.8 Poison Magic


You had 2 spell levels left.
You knew the following spells:

 Your Spells              Type           Power      Damage    Failure   Level
a - Beastly Appendage     Tmut           20%        N/A       7%          1
b - Spider Form           Tmut/Pois      7%         N/A       28%         3

Your spell library contained the following spells:

 Spells                   Type           Power      Damage    Failure   Level
 Wereblood                Tmut           10%        N/A       10%         2
 Ice Form                 Ice/Tmut       6%         N/A       75%         4


Dungeon Overview and Level Annotations

Branches:
Dungeon (2/15)

Altars:


Innate Abilities, Weirdness & Mutations

One of your tentacles has grown a beastly spike.
You cannot wear most types of armour.
You are amphibious.
You can wear up to eight rings at the same time.
Your skin changes colour to match your surroundings (Stealth+).
Your rubbery body absorbs attacks. (AC +1, EV +1)
((You are camouflaged when in or above water. (Stealth+)))
You have tentacles for arms and can constrict up to eight enemies at once.


Message History

The orc hits you with a +0 whip.
You barely miss the orc. You grab the orc.
Your tentacle spike misses the orc.
You squeeze the orc.
You kill the orc!
The orc closely misses you.
You barely miss the orc. You grab the orc. You constrict the orc.
The orc closely misses you.
You tentacle-slap the orc but do no damage.
You pierce the orc.
The orc is almost dead.
You constrict the orc.
You kill the orc!
The orc closely misses you.
You closely miss the orc. You grab the orc. You constrict the orc.
The orc barely misses you.
The orc hits you with a +0 vampiric war axe!
The orc barely misses you.
You completely miss the orc. Your grab misses the orc.
You pierce the orc.
The orc is severely wounded.
You constrict the orc, but do no damage.
The orc hits you with a +0 vampiric war axe.
The orc draws strength from your wounds!
The orc misses you. The orc hits you with a +0 club.
Unknown command.
You tentacle-slap the orc.
You kill the orc!
Your transformation is almost over.
You constrict the orc. The orc barely misses you. The orc misses you.
You tentacle-slap the ball python.
You kill the ball python!
You constrict the orc. The orc barely misses you.
The orc hits you with a +0 flail!
* * * LOW HITPOINT WARNING * * *
Unknown command.
You tentacle-slap the orc but do no damage.
You grab the orc.
You constrict the orc, but do no damage.
You constrict the orc.
The orc hits you with a +0 vampiric war axe!
You die...

.. #.# ... ..
...##.
......#
.......###
.........# #
......)..## .
###.o@..##
#....o....#
#.......#.#
#.......#.##
#.......#..#
#....#####.##
#.... ###..#
#....
#....##### ##
###.#......##


You could see 2 orcs.

Vanquished Creatures
  A dart slug (D:1)
  3 orcs (D:2)
  6 bats (D:1)
  5 endoplasms
  A giant cockroach (D:1)
  3 goblins (D:1)
  2 hobgoblins
  3 jackals (D:2)
  2 quokkas
  3 ball pythons
  3 frilled lizards (D:1)
  6 kobolds
  2 rats
40 creatures vanquished.

Notes
Turn   | Place    | Note
-------+----------+-------------------------------------------
     0 | D:1      | monsoonserge the Octopode Transmuter began the quest for
                  | the Orb.
     0 | D:1      | Reached XP level 1. HP: 13/13 MP: 3/3
   210 | D:1      | Reached XP level 2. HP: 18/18 MP: 3/5
   394 | D:1      | Found a faded altar of an unknown god.
   612 | D:1      | Reached skill level 1 in Stealth
   612 | D:1      | Reached XP level 3. HP: 23/23 MP: 4/6
   665 | D:1      | Learned a level 3 spell: Spider Form
  1065 | D:2      | Slain by an orc

Illustrated notes

Levels and vault maps discovered:
D:1:      pf_arrival_petrified_forest, layout_rooms,
          dreamdust_ecumenical_altar_sealed_demon, serial_corexii_hall,
          corexii_hall_statues_t, chequers_hall_statues_y,
          corexii_hall_statues_t, corexii_hall_statues_l,
          corexii_hall_statues_i, corexii_hall_statues_l,
          hangedman_decor_diamond_cutter, corexii_corridor_pit,
          minmay_misc_feat_room, interstate_on_off
D:2:      layout_basic, kennysheep_nub, uniq_robin

Skill      XL: |  1  2 |
---------------+-------+-----
Stealth        | 1 |  1.0
Fighting       | |  1.1
Dodging        | |  2.2
Unarmed Combat | |  3.9
Spellcasting   | |  2.0
Transmutations | |  2.5
Poison Magic   | |  0.8

Action                     || total
---------------------------++-------
  Melee: Unarmed           ||    73
         Tentacles         ||    17
         Constrict         ||    21
         Kick              ||    16
         Punch             ||     3
   Cast: Beastly Appendage ||    19
   Stab: Sleeping          ||     8
 Armour: Skin              ||    10
  Dodge: Dodged            ||    64
